 Dungeon Crawl Stone Soup version 0.27-a0-414-gbb19ded6d3 (webtiles) character file.

Game seed: 18087331683628562287

2814 Anon1729 the Geomancer (level 9, -23/57 (68) HPs)
             Began as a Deep Dwarf Earth Elementalist on Feb 24, 2021.
             Was an Initiate of the Shining One.
             Killed from afar by an orc sorcerer (41 damage)
             ... with a bolt of fire
             ... in a bailey.
             The game lasted 00:35:42 (10183 turns).

Anon1729 the Geomancer (DDEE)                      Turns: 10183, Time: 00:35:43

HP:   -23/57 (68)   AC:  2    Str: 16    XL:     9   Next: 44%
MP:   2/21 (12)     EV: 14    Int: 18    God:    the Shining One [......]
Gold: 287           SH:  0    Dex:  8    Spells: 3/18 levels left

rFire    . . .     SeeInvis +   p - staff of conjuration
rCold    . . .     Faith    .   (no shield)
rNeg     . . .     Spirit   .   c - +0 robe
rPois    +         Reflect  .   (no helmet)
rElec    .         Harm     .   (no cloak)
rCorr    .         Rampage  .   (no gloves)
Will     +....                  (no boots)
Stlth    +.........             (no amulet)
HPRegen  0.00/turn              v - ring of Fizxett {+Fly rPois Str+3 Dex-5 SInv}
MPRegen  0.17/turn              w - ring of magical power

@: flying, very slightly contaminated, non-regenerating, glowing, heavily
drained
A: damage resistance, heal wounds, sense surroundings 2, no regeneration
a: Heal Wounds, Stop Flying, Renounce Religion


You were in a bailey.
You worshipped the Shining One.
The Shining One was noncommittal.
You visited 2 branches of the dungeon, and saw 8 of its levels.
You also visited: Bailey.

You collected 315 gold pieces.
You spent 28 gold pieces at shops.

Inventory:

Missiles
 b - 60 stones
 q - 6 javelins
Armour
 c - a +0 robe (worn)
 g - a +2 chain mail of positive energy
Magical Staves
 p - a staff of conjuration (weapon)
Jewellery
 d - a ring of protection from fire
 i - a ring of wizardry
 t - a +4 ring of evasion
 v - the ring of Fizxett (left hand) {+Fly rPois Str+3 Dex-5 SInv}
   (You acquired it on level 7 of the Dungeon)

   [ring of flight]

   It affects your strength (+3).
   It affects your dexterity (-5).
   It protects you from poison.
   It lets you see invisible.
   It lets you fly.
 w - a ring of magical power (right hand)
Scrolls
 a - 3 scrolls of teleportation
 k - 2 scrolls of immolation
 l - a scroll of blinking
 m - a scroll of enchant weapon
 o - a scroll of magic mapping
 r - a scroll of vulnerability
Potions
 e - 20 potions of degeneration
 f - 2 potions of heal wounds {unknown}
 h - a potion of cancellation {unknown}
 j - 2 potions of lignification {unknown}
 n - a potion of brilliance {unknown}
 s - a potion of attraction
 u - 2 potions of curing
 z - a potion of flight {unknown}


   Skills:
 + Level 6.7 Dodging
 - Level 2.4 Stealth
 + Level 5.3 Spellcasting
 + Level 4.7 Conjurations
 + Level 5.2 Transmutations
 + Level 8.7 Earth Magic
 + Level 1.9 Invocations


You had 3 spell levels left.
You knew the following spells:

 Your Spells              Type           Power        Failure   Level
a - Sandblast             Erth           72%          1%          1
b - Passwall              Tmut/Erth      24%          1%          2
c - Stone Arrow           Conj/Erth      86%          2%          3
d - Petrify               Tmut/Erth      29%          8%          4
e - Lee's Rapid Deconstr  Erth           18%          10%         5

Your spell library contained the following spells:

 Spells                   Type           Power        Failure   Level
 Corona                   Hex            4%           13%         1
 Summon Small Mammal      Summ           16%          13%         1
 Dazzling Flash           Conj/Hex       38%          14%         3
 Call Imp                 Summ           4%           21%         2
 Ensorcelled Hibernation  Hex/Ice        8%           21%         2
 Call Canine Familiar     Summ           4%           36%         3
 Confusing Touch          Hex            4%           36%         3
 Summon Guardian Golem    Hex/Summ       4%           36%         3
 Tukima's Dance           Hex            4%           36%         3
 Summon Ice Beast         Ice/Summ       4%           78%         4
 Summon Lightning Spire   Summ/Air       4%           78%         4


Dungeon Overview and Level Annotations

Branches:
Dungeon (7/15)             Temple (1/1) D:6          Bailey (1/1)

Altars:
Ashenzari
Cheibriados
Dithmenos
Elyvilon
Fedhas
Gozag
Hepliaklqana
Kikubaaqudgha
Makhleb
Nemelex Xobeh
Qazlal
Ru
Sif Muna
Trog
Uskayaw
Vehumet
Wu Jian
Xom
Yredelemnul
The Shining One

Shops:
D:7 ?

Annotations:
D:2 Natasha, Sigmund
D:6 Dowan, Duvessa


Innate Abilities, Weirdness & Mutations

You are resistant to damage.
You can heal yourself by infusing magical energy.
You passively map the area around you.
You do not regenerate.


Message History

The orc warrior resists with significant effort.
Casting: Petrify (dangerous; 8% risk of failure)
Confirm with . or Enter, or press ? or * to list all spells.
Aiming: Petrify (dangerous; 8% risk of failure)
Press: ? - help, Shift-Dir - straight line, f/p - orc warrior
Aim: an orc warrior, wielding a +0 war axe and wearing a +0 scale mail (chance to affect: 58%)
You miscast Petrify.
You are very lightly contaminated with residual magic.
The floor shifts beneath you alarmingly.
Casting: Petrify (dangerous; 8% risk of failure)
Confirm with . or Enter, or press ? or * to list all spells.
Aiming: Petrify (dangerous; 8% risk of failure)
Press: ? - help, Shift-Dir - straight line, f/p - orc warrior
Aim: an orc warrior, wielding a +0 war axe and wearing a +0 scale mail (chance to affect: 58%)
The orc warrior resists with significant effort.
Casting: Petrify (dangerous; 8% risk of failure)
Confirm with . or Enter, or press ? or * to list all spells.
Aiming: Petrify (dangerous; 8% risk of failure)
Press: ? - help, Shift-Dir - straight line, f/p - orc warrior
Aim: an orc warrior, wielding a +0 war axe and wearing a +0 scale mail (chance to affect: 58%)
The orc warrior is moving more slowly.
Unknown command.
Casting: Petrify (dangerous; 8% risk of failure)
Confirm with . or Enter, or press ? or * to list all spells.
The spell is quite dangerous to cast (10% risk of failure)!
Continue anyway?
Okay, then.
Casting: Lee's Rapid Deconstruction (quite dangerous; 10% risk of failure)
Confirm with . or Enter, or press ? or * to list all spells.
Aiming: Petrify (dangerous; 8% risk of failure)
Press: ? - help, Shift-Dir - straight line, f - orc sorcerer, p - orc warrior
Aim: an orc sorcerer, wielding a +0 war axe and wearing a +0 ring mail (chance to affect: 40%)
The orc sorcerer resists with some effort.
The orc sorcerer becomes larger for a moment.
The orc sorcerer casts a spell at you. The bolt of fire hits you!!
Ouch! That really hurt!
The orc sorcerer gestures at you while chanting.
The bolt of fire hits you!!!
Ouch! That really hurt!
You die...

##########################
≈≈≈≈≈≈≈≈≈≈≈≈≈≈≈≈≈≈≈≈≈≈≈≈≈#
≈≈≈≈≈≈≈≈≈≈≈≈≈≈≈≈≈≈≈§§≈≈≈≈#
≈≈≈≈≈≈≈≈≈≈≈≈≈≈≈≈≈≈≈≈§≈≈≈≈#
≈≈≈≈≈≈≈≈≈≈≈≈≈≈≈≈≈≈§≈≈≈≈≈≈#
≈≈≈≈≈≈≈≈≈≈≈≈≈≈≈≈≈§≈≈≈≈≈≈≈#
≈≈≈≈≈≈≈≈≈≈≈≈≈≈≈≈§≈≈≈≈≈≈≈≈#
≈≈≈≈≈≈≈≈≈≈≈≈≈≈≈§≈≈≈≈≈≈≈≈≈#
≈≈≈≈≈≈≈≈≈≈≈≈≈≈§§@≈≈≈≈≈≈≈≈#
#≈≈≈≈≈≈≈≈≈≈≈)o######≈≈≈≈≈#
+.........)..o'..# #≈≈≈≈≈#
#######'#######..#'#≈≈≈≈≈#
* ,, .., ,, ....#≈≈≈≈≈#
8.8 , *,.o.#≈≈≈≈≈# , ,, *
######≈≈≈≈≈# , *
#og#.≈≈≈≈≈≈# , , ,,
,*,#gg#.≈≈≈≈≈≈#


There were no monsters in sight!

Vanquished Creatures
  A kobold demonologist (Bailey)
  3 ogres
  An ice beast (D:5)
  3 centaurs
  2 phantoms
  A gnoll sergeant (D:7)
  4 bullfrogs
  2 scorpions
  5 electric eels
  A howler monkey (D:5)
  A centaur zombie (D:4)
  6 hounds
  6 orc priests
  A centaur skeleton (D:6)
  4 iguanas
  6 orc wizards
  3 worker ants
  A hound skeleton (D:4)
  Robin (D:2)
  A worker ant zombie (D:6)
  15 gnolls (D:7)
  5 adders
  A shadow imp (D:5)
  4 white imps
  2 adder skeletons
  4 worms
  2 dart slugs
  3 leopard geckos
  28 orcs
  3 ball pythons
  6 bats
  3 giant cockroaches
  19 goblins
  5 hobgoblins
  10 jackals
  13 kobolds
  3 quokkas
  A ball python skeleton (D:4)
  3 frilled lizards
  A leopard gecko zombie (D:6)
  A quokka skeleton (D:4)
  7 rats
192 creatures vanquished.

Vanquished Creatures (others)
  An orc (Bailey)
  A plant (D:2)
2 creatures vanquished.

Grand Total: 194 creatures vanquished

Notes
Turn   | Place    | Note
-------+----------+-------------------------------------------
     0 | D:1      | Anon1729 the Deep Dwarf Earth Elementalist began the quest
                  | for the Orb.
     0 | D:1      | Reached XP level 1. HP: 15/15 MP: 3/3
   371 | D:1      | Reached XP level 2. HP: 22/22 MP: 3/5
   406 | D:1      | Learned a level 2 spell: Passwall
   572 | D:1      | Reached skill level 1 in Transmutations
   885 | D:2      | Noticed Sigmund
  1175 | D:2      | Reached XP level 3. HP: 28/28 MP: 3/6
  1320 | D:2      | Noticed Natasha
  1326 | D:2      | Found a white marble altar of Elyvilon.
  1481 | D:2      | Noticed Robin
  1486 | D:2      | Killed Robin
  1757 | D:2      | Found a faded altar of an unknown god.
  1954 | D:2      | Learned a level 3 spell: Stone Arrow
  2356 | D:2      | Reached XP level 4. HP: 33/36 MP: 5/7
  3100 | D:3      | Reached skill level 5 in Earth Magic
  3821 | D:3      | Reached XP level 5. HP: 26/42 MP: 1/9
  4218 | D:4      | Noticed an ogre
  4224 | D:4      | Killed an ogre
  4225 | D:4      | Reached skill level 1 in Conjurations
  4225 | D:4      | Reached XP level 6. HP: 18/49 MP: 5/10
  4479 | D:4      | Found a glowing golden altar of the Shining One.
  4481 | D:4      | Found an ornate altar of the Wu Jian Council.
  4481 | D:4      | Found a stormy altar of Qazlal.
  4483 | D:4      | Found a glowing golden altar of the Shining One.
  4483 | D:4      | Found a snail-covered altar of Cheibriados.
  4483 | D:4      | Found a shimmering altar of Xom.
  4662 | D:4      | Reached skill level 6 in Earth Magic
  4756 | D:4      | Reached XP level 7. HP: 42/55 MP: 5/12
  5436 | D:4      | Learned a level 4 spell: Petrify
  5462 | D:5      | Entered Level 5 of the Dungeon
  6621 | D:5      | Reached skill level 5 in Dodging
  6621 | D:5      | Reached XP level 8. HP: 17/62 MP: 4/14
  7009 | D:5      | Found a snail-covered altar of Cheibriados.
  7159 | D:6      | Reached skill level 7 in Earth Magic
  7686 | D:6      | Noticed Dowan
  7738 | D:6      | Found a blossoming altar of Fedhas.
  7884 | D:6      | Noticed Duvessa
  8099 | D:6      | Learned a level 5 spell: Lee's Rapid Deconstruction
  8160 | D:6      | Found a staircase to the Ecumenical Temple.
  8175 | Temple   | Entered the Ecumenical Temple
  8330 | Temple   | Became a worshipper of the Shining One
  8736 | D:7      | Found Votam's Magic Scroll Emporium.
  8744 | D:7      | Bought a scroll of identify for 28 gold pieces
  8751 | D:7      | Identified a scroll of acquirement
  8781 | D:7      | Reached skill level 8 in Earth Magic
  8952 | D:7      | Gained mutation: You passively map the area around you.
                  | [Deep Dwarf growth]
  8952 | D:7      | Reached XP level 9. HP: 60/68 MP: 6/13
  9089 | D:7      | Acquired the ring of Fizxett {+Fly rPois Str+3 Dex-5 SInv}
  9190 | D:7      | Reached skill level 5 in Spellcasting
  9266 | D:7      | Found a flagged portal.
  9276 | D:7      | Reached skill level 5 in Transmutations
  9320 | Bailey   | Entered a bailey
  9669 | Bailey   | Noticed an orc knight
  9709 | Bailey   | Noticed a kobold demonologist
  9723 | Bailey   | Noticed a rust devil
  9724 | Bailey   | Noticed an orange demon
  9728 | Bailey   | Reached skill level 1 in Invocations
  9894 | Bailey   | Noticed a smoke demon
  9896 | Bailey   | Killed a kobold demonologist
 10040 | Bailey   | Noticed an orc sorcerer
 10183 | Bailey   | Killed from afar by an orc sorcerer

Illustrated notes

Levels and vault maps discovered:
D:1:      dpeg_arrival_pond, layout_loops_ring
D:2:      layout_basic, general_overflow_altar, chequers_ecumenical_altar_grove,
          grunt_ministairs_3, serial_bayou_pond_a, uniq_natasha, uniq_robin,
          uniq_sigmund
D:3:      layout_basic, minmay_misc_feat_chi, minivault_19, hex_tiny
D:4:      layout_loops_ring, doesnt_xom_only_xom
D:5:      wad_river_or_something, layout_loops_corners, cheibriados_altar_1
D:6:      layout_basic, kennysheep_little_box, minmay_temple_entry_large_hall,
          basic_altar, uniq_duvessa
D:7:      layout_cave_pools, minitemple, serial_shops, shop, serial_gnoll_camp,
          gnoll_camp_huts_moat, gnoll_camp_medium_01, gnoll_camp_mini_doghouse,
          gnoll_camp_mini_shop, enter_bailey_7
Temple:   nicolae_temple_elliptical
Bailey:   bailey_axe_of_yendor_kennysheep, bailey

Skill      XL: |  1  2  3  4  5  6  7  8  9 |
---------------+----------------------------+-----
Spellcasting   | 2 3 4 5 |  5.3
Transmutations | 1 2 3 4 5 |  5.2
Dodging        | 3 4 5 6 |  6.7
Earth Magic    | 5 6 8 |  8.7
Conjurations   | 1 2 3 4 |  4.7
Invocations    | 1 |  1.9
Stealth        | |  2.4

Action                   |  1- 3 |  4- 6 |  7- 9 || total
-------------------------+-------+-------+-------++-------
Melee: Unarmed           |     8 |     6 |       ||    14
       Staff             |       |       |    33 ||    33
Throw: Javelin           |       |       |     3 ||     3
 Cast: Sandblast         |    68 |    45 |    62 ||   175
       Stone Arrow       |     2 |    20 |   118 ||   140
       Petrify           |       |       |    12 ||    12
       Lee's Rapid Decon |       |       |     7 ||     7
 Abil: Heal Wounds       |       |     1 |    13 ||    14
       Evoke Flight      |       |       |    12 ||    12
       Stop Flying       |       |       |     2 ||     2
  Use: Scroll            |       |       |     9 ||     9
       Potion            |       |       |     1 ||     1
Armor: Robe              |     1 |     2 |     9 ||    12
Dodge: Dodged            |    15 |    13 |    77 ||   105

Table legend: (Time is in decaauts)
 A = Elapsed time spent in this place.
 B = Non-inter-level travel time spent in this place.
 C = Inter-level travel time spent in this place.
 D = Time resting spent in this place.
 E = Time spent auto-exploring this place.
 F = Levels seen in this place.
 G = Mean time per level.
                   A        B        C        D        E       F      G
               +--------+--------+--------+--------+--------+-----+--------+
         Total |  10200 |   9935 |    265 |   2370 |   5765 |   9 | 1133.3 |
       Dungeon |   9151 |   8916 |    235 |   1989 |   5507 |   7 | 1307.3 |
        Temple |    185 |    155 |     30 |      0 |    138 |   1 |  185.0 |
        Bailey |    864 |    864 |      0 |    381 |    120 |   1 |  864.0 |
               +--------+--------+--------+--------+--------+-----+--------+

Top non-repeatable levels by time:
     D:5: 2054 daAuts
     D:2: 1791 daAuts
     D:3: 1463 daAuts
     D:4: 1364 daAuts
     D:6: 1077 daAuts
  Bailey: 864 daAuts
     D:1: 842 daAuts
     D:7: 557 daAuts
  Temple: 185 daAuts
